 Dungeon Crawl Stone Soup version 0.26-a0-540-g8a0c9464d7 (webtiles) character file.

Game seed: 6067237275754667783

19 Ge0ff the Vexing (level 2, 0/21 HPs)
             Began as a Human Enchanter on Aug 15, 2020.
             Slain by a bat (1 damage)
             ... on level 1 of the Dungeon.
             The game lasted 00:01:58 (860 turns).

Ge0ff the Vexing (Human Enchanter)                   Turns: 860, Time: 00:01:58

Health: 0/21       AC:  2    Str:  8    XL:     2   Next: 95%
Magic:  5/5        EV: 12    Int: 15    God:
Gold:   26         SH:  0    Dex: 13    Spells: 2/5 levels left

rFire    . . .     SeeInvis .   a - +1 dagger
rCold    . . .     Faith    .   (no shield)
rNeg     . . .     Spirit   .   b - +0 robe
rPois    .         Reflect  .   (no helmet)
rElec    .         Harm     .   (no cloak)
rCorr    .                      (no gloves)
MR       .....                  (no boots)
Stlth    ++........             (no amulet)
HPRegen  0.07/turn              g - ring of wizardry {=R}
MPRegen  0.09/turn              (no ring)

@: no status effects
A: no striking features
a: no special abilities


You were on level 1 of the Dungeon.
You visited 1 branch of the dungeon, and saw 1 of its levels.

You collected 26 gold pieces.

Inventory:

Hand Weapons
 a - a +1 dagger (weapon)
Missiles
 c - 5 poisoned darts (quivered) {don't train}
Armour
 b - a +0 robe (worn)
Jewellery
 g - a ring of wizardry (left hand) {=R}
Scrolls
 d - a scroll of remove curse {unknown}
 e - a scroll of enchant weapon {unknown}
 f - 4 scrolls of teleportation {unknown}


   Skills:
 - Level 1.0 Fighting
 * Level 2.0 Short Blades
 - Level 2.0 Dodging
 - Level 3.0 Stealth
 - Level 2.0 Spellcasting
 - Level 3.0 Hexes
 * Level 0.8 Ice Magic


You had 2 spell levels left.
You knew the following spells:

 Your Spells              Type           Power        Failure   Level
a - Corona                Hex            ##.....      2%          1
k - Ensorcelled Hibernat  Hex/Ice        #.....       6%          2

Your spell library contained the following spells:

 Spells                   Type           Power        Failure   Level
 Confusing Touch          Hex            ##......     8%          3
 Tukima's Dance           Hex            ##......     8%          3
 Dazzling Flash           Conj/Hex       #.....       14%         3


Dungeon Overview and Level Annotations

Branches:
Dungeon (1/15)

Altars:


Message History

You hit the bat but do no damage.
The bat is heavily wounded.
The bat hits you.
* * * LOW HITPOINT WARNING * * *
The bat hits you but does no damage.
You hit the bat but do no damage.
The bat is heavily wounded.
The bat closely misses you. The bat hits you but does no damage.
You closely miss the bat.
The bat is heavily wounded.
You kill the rat!
The bat hits you but does no damage. The bat barely misses you.
You closely miss the bat.
The bat is heavily wounded.
The bat hits you but does no damage. The bat hits you but does no damage.
You barely miss the bat.
The bat is heavily wounded.
The bat hits you.
You die...

....#.##..........)....
#.#.#.#........################
..#.#.########.########........
#####.### #......†....#######
........# #..#.............#
#####.#.#####..#(#########.#.#
............#..#.# #...#
.###....###.#..#b# #.#.# # .#
#.>..# #.#..#@# #.#b#.# ## #....#
#)#).#.#######.#.#.####
####....###.#..#.........#.......
#........).................#bb...
####'##+###.#####................
#...........................###
#.......#.......###########.#
#...............## .#
###......####......# #


You could see a bat.

Vanquished Creatures
  A dart slug (D:1)
  A giant cockroach (D:1)
  A goblin (D:1)
  5 hobgoblins (D:1)
  3 bats (D:1)
  2 kobolds (D:1)
  3 rats (D:1)
16 creatures vanquished.

Notes
Turn   | Place    | Note
-------+----------+-------------------------------------------
     0 | D:1      | Ge0ff the Human Enchanter began the quest for the Orb.
     0 | D:1      | Reached XP level 1. HP: 13/13 MP: 3/3
   262 | D:1      | Reached XP level 2. HP: 20/20 MP: 5/5
   267 | D:1      | Learned a level 2 spell: Ensorcelled Hibernation
   846 | D:1      | Reached skill level 1 in Fighting
   850 | D:1      | HP: 1/21 [bat (1)]
   855 | D:1      | HP: 1/21 [bat (1)]
   860 | D:1      | Slain by a bat

Illustrated notes

Levels and vault maps discovered:
D:1:      roderic_crossed_star, layout_basic

Skill      XL: |  1  2 |
---------------+-------+-----
Short Blades   | 2 |  2.0
Fighting       | 1 |  1.0
Dodging        | |  2.0
Stealth        | |  3.0
Spellcasting   | |  2.0
Hexes          | |  3.0
Ice Magic      | |  0.8

Action                   || total
-------------------------++-------
Melee: Dagger            ||    40
Throw: Dart              ||    37
 Stab: Sleeping          ||     1
Armor: Robe              ||    10
Dodge: Dodged            ||    28

Table legend: (Time is in decaauts)
 A = Elapsed time spent in this place.
 B = Non-inter-level travel time spent in this place.
 C = Inter-level travel time spent in this place.
 D = Time resting spent in this place.
 E = Time spent auto-exploring this place.
 F = Levels seen in this place.
 G = Mean time per level.
                   A        B        C        D        E       F      G
               +--------+--------+--------+--------+--------+-----+--------+
         Total |    856 |    856 |      0 |      0 |    678 |   1 |  856.0 |
       Dungeon |    856 |    856 |      0 |      0 |    678 |   1 |  856.0 |
               +--------+--------+--------+--------+--------+-----+--------+

Top non-repeatable levels by time:
     D:1: 856 daAuts
